 Dungeon Crawl Stone Soup version 0.29.1-2-gbd0b4ee654 (webtiles) character file.

Game seed: 10217988810082939111

96 funnyparkerb the Shooter (level 4, -1/26 HPs)
             Began as a Kobold Hunter on Nov 18, 2022.
             Slain by an orc priest
             ... wielding a +1 hand axe of electrocution
              (9 damage)
             ... on level 3 of the Dungeon.
             The game lasted 00:01:57 (1938 turns).

funnyparkerb the Shooter (Kobold Hunter)            Turns: 1938, Time: 00:01:57

Health: -1/26      AC:  3    Str:  8    XL:     4   Next: 98%
Magic:  0/4        EV: 14    Int: 10    God:
Gold:   102        SH:  0    Dex: 20    Spells: 3/3 levels left

rFire   . . .      SeeInvis .   a - +0 shortbow
rCold   . . .      Faith    .   (shield currently unavailable)
rNeg    . . .      Spirit   +   c - +0 leather armour
rPois   .          Reflect  .   (no helmet)
rElec   .          Harm     .   (no cloak)
rCorr   .          Rampage  .   (no gloves)
Will    .....                   (no boots)
Stlth   +++.......              h - amulet of guardian spirit
HPRegen 0.08/turn               (no ring)
MPRegen 0.09/turn               (no ring)

@: no status effects
A: small, no large weapons, nightstalker 3
a: no special abilities


You were on level 3 of the Dungeon.
You visited 1 branch of the dungeon, and saw 3 of its levels.

You collected 102 gold pieces.

Inventory:

Hand Weapons
 a - a +0 shortbow (weapon)
Armour
 c - a +0 leather armour (worn)
Jewellery
 h - an amulet of guardian spirit (around neck)
Scrolls
 b - a scroll of immolation
 d - a scroll of fear {unknown}
 e - a scroll of noise {unknown}
 g - 4 scrolls of identify {unknown}
 i - 2 scrolls of fog {unknown}
Potions
 f - a potion of mutation {unknown}
 j - a potion of curing
 k - a potion of resistance {unknown}
 l - a potion of attraction {unknown}
 m - a potion of berserk rage {unknown}


   Skills:
 - Level 2.1 Fighting
 + Level 7.8 Ranged Weapons
 - Level 2.4 Dodging
 - Level 1.3 Stealth


You had 3 spell levels left.
You didn't know any spells.
Your spell library contained the following spells:

 Spells                   Type           Power      Damage    Failure   Level
 Beastly Appendage        Tmut           0%         N/A       50%         1
 Freeze                   Ice            0%         1d3       50%         1
 Wereblood                Tmut           0%         N/A       63%         2
 Dazzling Flash           Conj/Hex       0%         N/A       86%         3
 Frozen Ramparts          Ice            0%         1d1       86%         3
 Spider Form              Tmut/Pois      0%         N/A       86%         3
 Hailstorm                Conj/Ice       0%         3d3       99%         4
 Agony                    Necr           0%         N/A       100%        5
 Silence                  Hex/Air        0%         N/A       100%        5


Dungeon Overview and Level Annotations

Branches:
Dungeon (3/15)

Altars:

Shops:
D:1 =:

Annotations:
D:2 1 runed translucent door, Crazy Yiuf, Terence


Innate Abilities, Weirdness & Mutations

You are small and have problems with some larger weapons.
You are completely attuned to the shadows.


Message History

You have reached level 4!
You shoot an arrow. The arrow hits the orc wizard!
The orc wizard is heavily wounded.
The orc wizard hits you but does no damage. x2
An orc comes into view. It is wielding a +0 short sword.
You shoot an arrow. The arrow hits the orc wizard!
You kill the orc wizard!
You shoot an arrow. The arrow hits the orc.
The orc is heavily wounded.
You shoot an arrow. The arrow hits the orc.
You kill the orc!
An orc comes into view. It is wielding a +0 dagger.
You shoot an arrow. The arrow hits the orc.
The orc is severely wounded.
You shoot an arrow. The arrow hits the orc.
You kill the orc!
You hear a shout!
An orc comes into view. It is wielding a +3 mace.
You shoot an arrow. The arrow hits the orc!
You kill the orc!
An orc priest comes into view.
It is wielding a +1 hand axe of electrocution.
An orc priest is nearby!
You shoot an arrow.
The arrow hits the orc priest but does no damage.
You shoot an arrow.
The arrow hits the orc priest but does no damage.
You shoot an arrow. The arrow barely misses the orc priest.
You shoot an arrow.
The arrow closely misses the orc priest.
The orc priest hits you with a +1 hand axe of electrocution.
You are electrocuted!!
Ouch! That really hurt!
* * * LOW HITPOINT WARNING * * *
You are too injured to fight recklessly!
It was a potion of curing.
You feel better. The orc priest barely misses you.
You shoot an arrow. The arrow hits the orc priest.
The orc priest is lightly wounded.
The orc priest hits you with a +1 hand axe of electrocution. x2
You are electrocuted!
You die...

.
####..
#@o)..
#.##).
#.#
#.#
#.#
#.#
#.#
#.#
#.#
#.#


You could see an orc priest.

Vanquished Creatures
  An iguana (D:3)
  An orc wizard (D:3)
  A dart slug (D:1)
  4 orcs (D:3)
  4 bats (D:1)
  4 endoplasms
  A giant cockroach (D:3)
  2 goblins (D:2)
  3 hobgoblins
  4 jackals (D:1)
  2 kobolds
  A quokka (D:3)
  4 ball pythons
  3 frilled lizards
  4 rats
39 creatures vanquished.

Vanquished Creatures (others)
  3 plants (D:2)
  4 toadstools (D:2)
7 creatures vanquished.

Grand Total: 46 creatures vanquished

Notes
Turn   | Place    | Note
-------+----------+-------------------------------------------
     0 | D:1      | funnyparkerb the Kobold Hunter began the quest for the Orb.
     0 | D:1      | Reached XP level 1. HP: 12/12 MP: 1/1
   193 | D:1      | Reached XP level 2. HP: 17/17 MP: 2/2
   238 | D:1      | Reached skill level 6 in Ranged Weapons
   528 | D:1      | Found Juizoatufa's Vocational Training.
   703 | D:1      | Found Vobazol's Jewellery Boutique.
   751 | D:1      | Reached XP level 3. HP: 19/21 MP: 3/3
  1494 | D:2      | Found a runed translucent door.
  1497 | D:2      | Noticed Crazy Yiuf
  1602 | D:2      | Noticed Terence
  1926 | D:3      | Reached skill level 7 in Ranged Weapons
  1926 | D:3      | Reached XP level 4. HP: 26/26 MP: 4/4
  1938 | D:3      | Slain by an orc priest

Illustrated notes

Levels and vault maps discovered:
D:1:      lightli_arrival_noodles, layout_basic, serial_shops, shop,
          minmay_misc_feat_alley, st_stairs_10, nicolae_shop_vocational
D:2:      cheibrodos_old_hovel, layout_basic, minmay_gold_behind_fungi,
          uniq_terence, uniq_crazy_yiuf_cottage
D:3:      layout_loops_ring

Skill      XL: |  1  2  3 |
---------------+----------+-----
Ranged Weapons | 6 7 |  7.8
Fighting       | |  2.1
Dodging        | |  2.4
Stealth        | |  1.3

Action                   |  1- 3 |  4- 6 || total
-------------------------+-------+-------++-------
 Fire: Shortbow          |    76 |    12 ||    88
  Use: Potion            |       |     1 ||     1
Armor: Leather armour    |    13 |     2 ||    15
Dodge: Dodged            |    34 |     1 ||    35
